 Dungeon Crawl Stone Soup version 0.21-a0-110-g8e1637b (webtiles) character file.

11838 FrankyJ the Thaumaturge (level 11, -1/68 HPs)
             Began as a Mummy Conjurer on July 5, 2017.
             Was an Initiate of Vehumet.
             Slain by a bullfrog (7 damage)
             ... on level 1 of the Lair of Beasts on July 11, 2017.
             The game lasted 01:17:51 (26374 turns).

FrankyJ the Thaumaturge (Mummy Conjurer)           Turns: 26374, Time: 01:17:52

Health: -1/68      AC:  2    Str: 11    XL:     11   Next: 54%
Magic:  12/26      EV: 12    Int: 18    God:    Vehumet [......]
Gold:   79         SH:  0    Dex: 13    Spells: 3/33 levels left

rFire    x . .     SeeInvis .   m - +0 blowgun
rCold    + . .     Gourm    .   (no shield)
rNeg     + + +     Faith    .   a - +0 robe
rPois    ∞         Spirit   .   (no helmet)
rElec    .         Reflect  .   (no cloak)
rCorr    .         Harm     .   (no gloves)
MR       +....                  (no boots)
Stlth    +++++.....             (no amulet)
HPRegen  0.21/turn              i - ring of stealth
MPRegen  0.20/turn              (no ring)

@: no status effects
A: no food or potions, fire vulnerability, cold resistance 1, negative energy
resistance 3, torment resistance, unbreathing
a: Renounce Religion


You were on level 1 of the Lair of Beasts.
You worshipped Vehumet.
Vehumet was noncommittal.
You were not hungry.

You visited 3 branches of the dungeon, and saw 12 of its levels.

You collected 604 gold pieces.
You spent 525 gold pieces at shops.

Inventory:

Hand Weapons
 c - a +1 dagger of freezing
 g - a cursed -2 dagger
 j - a +1 vampiric war axe
 m - a +0 blowgun (weapon)
 p - a +0 dagger of draining
 q - a +4 dagger
 w - a +1 trident of venom
 z - a +4 dagger
Missiles
 e - 52 poisoned needles (quivered)
 n - 2 tomahawks
 x - 7 javelins
Armour
 a - a +0 robe (worn)
 h - a +0 buckler
 l - a +0 leather armour of poison resistance
Magical Staves
 r - an uncursed staff of poison
Jewellery
 i - a ring of stealth (left hand)
Wands
 s - a wand of confusion (27/48)
 t - a wand of polymorph (17/24)
 v - a wand of acid (0/15)
Scrolls
 d - 6 scrolls of identify
 f - 2 scrolls of immolation
 k - 5 scrolls of remove curse
 o - 2 scrolls of amnesia
 u - a scroll of recharging
 A - a scroll of fear
 B - a scroll of teleportation
Books
 b - a book of Conjurations

   Spells                             Type                      Level
   a - Magic Dart                     Conjuration                  1
   b - Searing Ray                    Conjuration                  2
   c - Dazzling Spray                 Conjuration/Hexes            3
   d - Fulminant Prism                Conjuration/Hexes            4
   e - Force Lance                    Conjuration/Translocation    4
   f - Iskenderun's Mystic Blast      Conjuration                  4
 y - a book of Air

   Spells                             Type                      Level
   a - Shock                          Conjuration/Air              1
   b - Swiftness                      Charms/Air                   2
   c - Static Discharge               Conjuration/Air              3
   d - Airstrike                      Air                          4
   e - Lightning Bolt                 Conjuration/Air              5


   Skills:
 - Level 2.0 Dodging
 - Level 9.0 Stealth
 + Level 11.7 Spellcasting
 - Level 8.0 Conjurations
 - Level 2.0 Hexes
 - Level 1.0 Translocations
 - Level 7.0 Air Magic


You had 3 spell levels left.
You knew the following spells:

 Your Spells              Type           Power        Failure   Level  Hunger
a - Magic Dart            Conj           ####         1%          1    N/A
b - Searing Ray           Conj           #####.       1%          2    N/A
c - Iskenderun's Mystic   Conj           #####...     2%          4    N/A
d - Force Lance           Conj/Tloc      ####....     10%         4    N/A
e - Fulminant Prism       Conj/Hex       ####......   9%          4    N/A
f - Dazzling Spray        Conj/Hex       ####..       2%          3    N/A
g - Airstrike             Air            #####.....   3%          4    N/A
h - Lightning Bolt        Conj/Air       #####.....   9%          5    N/A
i - Swiftness             Chrm/Air       ###.....     2%          2    N/A
j - Shock                 Conj/Air       ####         1%          1    N/A

Dungeon Overview and Level Annotations

Branches:
Dungeon (10/15)            Temple (1/1) D:4            Lair (1/6) D:9
    Orc: D:9-12

Altars:
Ashenzari
Cheibriados
Dithmenos
Elyvilon
Fedhas
Gozag
Hepliaklqana
Kikubaaqudgha
Makhleb
Nemelex Xobeh
Okawaru
Qazlal
Ru
Sif Muna
Trog
Uskayaw
Vehumet
Wu Jian
Xom
Yredelemnul
Zin
The Shining One

Shops:
D:9 :

Annotations:
Lair:1 exclusion: oklob plant


Innate Abilities, Weirdness & Mutations

You do not eat or drink.
Your flesh is vulnerable to fire.
You are immune to poison.
Your flesh is cold resistant. (rC+)
You are immune to negative energy. (rN+++)
You are immune to unholy pain and torment.
You can survive without breathing.


Message History

* * * LOW HITPOINT WARNING * * *
A bullfrog comes into view.
The bullfrog gives a loud, deep croak!
The bullfrog hits you.
* * * LOW HITPOINT WARNING * * *
The bullfrog hits you.
* * * LOW HITPOINT WARNING * * *
The bullfrog hits you but does no damage.
The bullfrog misses you.
Really attack while wielding your +0 blowgun? [Y]es or [N]o only, please.
Really attack while wielding your +0 blowgun? [Y]es or [N]o only, please.
Really attack while wielding your +0 blowgun?
Okay, then.
Unknown command.
The bullfrog hits you!
* * * LOW HITPOINT WARNING * * *
The bullfrog hits you!
You die...

.## #......# #÷....# .P#
#......# #....P# .## #......#
##.....# .# #......# #P....P# .#
###......# ##.>..##
.######.#......### #.....##
...............#P########......#
..............................##
..#+#.##..###PtF@........#+##.#
..#....#.## ##...........#..#.#
..#....#.# #...###.#......#.##
..#....#.## #...######...<.#÷.#
..#....#.P# #....# #........##
..#....#.## #...%# ##.....#.#
.........# #...## #..#.##.##
..#......## #)..# #........# .
#.......# #...######.......##


You could see a crocodile and a bullfrog.

Vanquished Creatures
  3 two-headed ogres
  The ghost of Vibarexel the Arsonist, a novice DEFE of Sif Muna (D:9)
  A spiny frog (Lair:1)
  A rime drake (Lair:1)
  A komodo dragon (Lair:1)
  2 hornets
  Prince Ribbit (D:7)
  A basilisk (Lair:1)
  12 yaks
  A soldier ant (D:10)
  2 porcupines (Lair:1)
  A water moccasin (Lair:1)
  3 ice beasts
  3 orc warriors
  2 black bears (D:7)
  6 ogres
  5 phantoms
  3 sky beasts
  4 centaurs
  3 big kobolds
  2 crocodiles
  8 bullfrogs
  A water moccasin skeleton (D:8)
  6 scorpions
  5 wights
  3 killer bees (D:7)
  A bullfrog zombie (D:5)
  4 crimson imps
  A quasit (D:4)
  A jelly (D:7)
  A centaur zombie (D:6)
  4 orc priests
  A bullfrog skeleton (D:9)
  A centaur skeleton (D:8)
  22 orc wizards
  2 iguanas
  10 worker ants
  A killer bee zombie (D:5)
  2 howler monkey zombies
  A worker ant zombie (D:6)
  16 gnolls
  23 adders
  3 shadow imps (D:8)
  An ooze (D:3)
  3 worms
  2 dart slugs
  6 leopard geckos
  45 orcs
  A ball python (D:1)
  7 bats
  6 giant cockroaches
  10 hobgoblins
  8 jackals
  8 quokkas
  9 frilled lizards
  9 goblins
  22 kobolds
  2 leopard gecko skeletons (D:7)
  A leopard gecko zombie (D:7)
  A quokka skeleton (D:5)
  A quokka zombie (D:6)
  6 rats
323 creatures vanquished.

Vanquished Creatures (others)
  20 fulminant prisms
  12 fungi (D:5)
  5 plants (Lair:1)
37 creatures vanquished.

Grand Total: 360 creatures vanquished

Notes
Turn   | Place    | Note
-------+----------+-------------------------------------------
     0 | D:1      | FrankyJ the Mummy Conjurer began the quest for the Orb.
     0 | D:1      | Reached XP level 1. HP: 13/13 MP: 4/4
   192 | D:1      | Reached XP level 2. HP: 12/19 MP: 0/5
   718 | D:1      | Reached skill level 3 in Spellcasting
   725 | D:1      | Learned a level 2 spell: Searing Ray
  1371 | D:2      | Found a glowing golden altar of the Shining One.
  1419 | D:2      | Reached XP level 3. HP: 24/24 MP: 1/7
  2040 | D:2      | Reached XP level 4. HP: 19/30 MP: 3/8
  2171 | D:2      | Learned a level 4 spell: Iskenderun's Mystic Blast
  3385 | D:3      | Reached skill level 4 in Spellcasting
  3559 | D:3      | Reached XP level 5. HP: 25/35 MP: 5/11
  3622 | D:3      | Learned a level 4 spell: Force Lance
  4096 | D:3      | HP: 1/35 [orc/whip (6)]
  4455 | D:3      | Reached skill level 5 in Spellcasting
  4589 | D:3      | Found a deep blue altar of Sif Muna.
  4657 | D:3      | Reached XP level 6. HP: 31/41 MP: 5/14
  4879 | D:4      | HP: 1/41 [ogre/giant club (22)]
  4880 | D:4      | Reached skill level 6 in Spellcasting
  5188 | D:4      | Upgraded the game from 0.21-a0-84-g85d6d27 to 0.21-a0-110-g8e1637b
  5307 | D:4      | Learned a level 4 spell: Fulminant Prism
  5849 | D:2      | Reached XP level 7. HP: 46/46 MP: 5/17
  6076 | D:4      | Reached skill level 7 in Spellcasting
  6303 | D:4      | Found a hide-covered altar of Uskayaw.
  6554 | D:4      | Found a staircase to the Ecumenical Temple.
  6655 | D:4      | Reached skill level 1 in Hexes
  6754 | D:4      | Reached skill level 1 in Translocations
  7529 | D:5      | Entered Level 5 of the Dungeon
  7772 | D:5      | Learned a level 3 spell: Dazzling Spray
  8391 | D:5      | Reached skill level 8 in Spellcasting
  8743 | D:5      | Reached XP level 8. HP: 39/52 MP: 13/20
  9167 | D:6      | Reached skill level 9 in Spellcasting
  9615 | D:6      | Reached skill level 10 in Spellcasting
 10461 | D:5      | Reached skill level 11 in Spellcasting
 11009 | D:7      | Reached skill level 5 in Stealth
 11371 | D:7      | Reached XP level 9. HP: 52/57 MP: 19/24
 11831 | D:7      | Found an iron altar of Okawaru.
 11852 | D:7      | Noticed Prince Ribbit
 11870 | D:7      | Killed Prince Ribbit
 12541 | D:8      | Noticed a two-headed ogre
 12563 | D:8      | Killed a two-headed ogre
 13153 | D:8      | Noticed a two-headed ogre
 13156 | D:8      | Noticed a two-headed ogre
 13178 | D:7      | Reached skill level 5 in Conjurations
 13178 | D:7      | Reached XP level 10. HP: 63/63 MP: 10/25
 15237 | D:8      | Killed a two-headed ogre
 15649 | D:9      | Noticed Vibarexel's ghost (novice DEFE)
 16405 | D:9      | Found a staircase to the Lair.
 17161 | D:9      | Found a hazy altar of Hepliaklqana.
 17197 | D:9      | Found Lutzuysu's Book Boutique.
 17489 | D:9      | Bought a book of Air for 525 gold pieces
 17494 | D:9      | Learned a level 4 spell: Airstrike
 17500 | D:9      | Learned a level 5 spell: Lightning Bolt
 17503 | D:9      | Learned a level 2 spell: Swiftness
 17505 | D:9      | Learned a level 1 spell: Shock
 17667 | D:9      | Reached skill level 1 in Air Magic
 19656 | D:10     | Entered Level 10 of the Dungeon
 21021 | D:8      | Reached XP level 11. HP: 57/68 MP: 22/26
 21415 | D:9      | Killed Vibarexel's ghost
 21415 | D:9      | Reached skill level 5 in Air Magic
 21769 | Lair:1   | Entered Level 1 of the Lair of Beasts
 22596 | D:7      | Killed a two-headed ogre
 23180 | Temple   | Entered the Ecumenical Temple
 23444 | Temple   | Became a worshipper of Vehumet
 24191 | Lair:1   | Noticed an oklob plant
 26374 | Lair:1   | Slain by a bullfrog

Vault maps used:
D:1:      elethiomel_arrival_fortress_basement
D:2:      minmay_door_path, lemuel_crystal_altar
D:3:      led_sif_book, minmay_misc_feat_rows
D:4:      marbit_many_paths, minmay_temple_entry_from_below_a
D:5:      old_forge, first_bread
D:7:      okawaru_trees_2, uniq_prince_ribbit1
D:9:      old_standard_altar, dpeg_oklobed_lair, serial_shops,
          kennysheep_mini_moat
Temple:   dpeg_five_rooms_temple
Lair:1:   wad_woods_river_02, minmay_lair_oklob_chamber

Skill      XL: |  1  2  3  4  5  6  7  8  9 10 11 |
---------------+----------------------------------+-----
Spellcasting   | 3 4 5 6 8 11 | 11.7
Stealth        | 2 3 4 5 9 |  9.0
Dodging        | 2 |  2.0
Conjurations   | 4 5 8 |  8.0
Hexes          | 2 |  2.0
Translocations | 1 |  1.0
Air Magic      | 4 7 |  7.0

Action                   |  1- 3 |  4- 6 |  7- 9 | 10-12 || total
-------------------------+-------+-------+-------+-------++-------
Melee: Unarmed           |    13 |       |       |       ||    13
       Dagger            |    15 |    33 |     2 |    20 ||    70
       War axe           |       |     2 |    30 |       ||    32
       Trident           |       |       |    15 |     2 ||    17
 Fire: Blowgun           |       |       |       |    56 ||    56
Throw: Tomahawk          |       |       |     1 |       ||     1
 Cast: Magic Dart        |    40 |    42 |    77 |    66 ||   225
       Searing Ray       |    13 |    37 |    94 |    74 ||   218
       Iskenderun's Myst |       |     3 |     3 |    74 ||    80
       Fulminant Prism   |       |     2 |    10 |     8 ||    20
       Force Lance       |       |     1 |       |    53 ||    54
       Lightning Bolt    |       |       |       |     1 ||     1
       Airstrike         |       |       |       |    83 ||    83
Evoke: Wand              |       |       |     3 |     4 ||     7
  Use: Scroll            |     5 |     1 |     2 |     8 ||    16
 Stab: Sleeping          |     1 |     2 |     7 |       ||    10
Armor: Robe              |     8 |    17 |    17 |    15 ||    57
Dodge: Dodged            |    26 |    67 |   117 |   104 ||   314
